 Dungeon Crawl Stone Soup version 0.18-a0-1764-gf4ddf0b (webtiles) character file.

37 Ratboiler the Chopper (level 3, 0/28 HPs)
             Began as a Minotaur Wanderer on Apr 13, 2016.
             Succumbed to an adder's poison
             ... on level 2 of the Dungeon.
             The game lasted 00:01:57 (1081 turns).

Ratboiler the Chopper (Minotaur Wanderer)           Turns: 1081, Time: 00:01:58

Health: 0/28       AC:  2    Str: 20    XL:     3   Next: 23%
Magic:  2/2        EV: 11    Int:  7    God:
Gold:   18         SH:  0    Dex:  8    Spells: 0 memorised, 2 levels left

rFire  . . .     SeeInvis .     a - +0 hand axe
rCold  . . .     Gourm    .     e - +0 robe
rNeg   . . .     Faith    .     (no shield)
rPois  .         Spirit   .     (helmet restricted)
rElec  .         Dismiss  .     (no cloak)
rCorr  .         Reflect  .     (no gloves)
SustAt .         Harm     .     (no boots)
MR     .....                    (no amulet)
Stlth  +.........               (no ring)
                                (no ring)

@: lethally poisoned (0 -> -8), very slightly contaminated, hasted, invisible,
very quick, not resistant to hostile enchantments, very unstealthy
A: retaliatory headbutt, horns 2
a: no special abilities


You were on level 2 of the Dungeon.
You were hungry.

You visited 1 branch of the dungeon, and saw 2 of its levels.

You collected 18 gold pieces.

Inventory:

Hand Weapons
 a - a +0 hand axe (weapon)
 b - a +2 blowgun
 c - a +0 spear
Missiles
 d - 2 curare-tipped needles
Armour
 e - a +0 robe (worn)
Jewellery
 q - an uncursed ring of protection from fire {unknown}
Scrolls
 g - 2 scrolls of teleportation {unknown}
 j - 2 scrolls of identify {unknown}
 k - 2 scrolls of random uselessness {unknown}
 n - a scroll of immolation {unknown}
 o - a scroll of magic mapping {unknown}
Potions
 i - a potion of invisibility
Comestibles
 f - 2 bread rations
 h - a beef jerky
 l - 2 meat rations
 m - a chunk of flesh


   Skills:
 - Level 1.2 Fighting
   Level 1.1 Short Blades
 + Level 5.2 Axes
 - Level 2.0 Throwing
 - Level 1.2 Armour
 - Level 1.1 Dodging
 - Level 1.0 Stealth


You had 2 spell levels left.
You didn't know any spells.

Dungeon Overview and Level Annotations

Branches:
Dungeon (2/15)

Altars:


Innate Abilities, Weirdness & Mutations

You reflexively headbutt those who attack you in melee.
You have a pair of horns on your head.


Message History

Drink which item? (? for menu, Esc to quit)
It was a potion of invisibility.
You fade into invisibility!
The adder bites you but does no damage.
You are very lightly contaminated with residual magic.
Drink which item? (? for menu, Esc to quit)
It was a potion of haste.
You feel yourself speed up.
* * * LOW HITPOINT WARNING * * *
You feel sick. The adder closely misses you. You furiously retaliate!
You headbutt the adder!
You kill the adder!
* * * LOW HITPOINT WARNING * * *
You feel sick.
You see here a bat corpse.
* * * LOW HITPOINT WARNING * * *
You feel sick.
Found a scroll labeled GALAFO TOSA.
* * * LOW HITPOINT WARNING * * *
You feel sick.
You die...

.# .. .#.....
###########+#.#......
#.............#.......
#......@..............
#....................
#..................#
#..................#
#..................#
#.........$..†.....# ##
#..................# #.
#...?..............####.
###########...........


There were no monsters in sight!

Vanquished Creatures
  An adder (D:2)
  A worm (D:2)
  A dart slug (D:2)
  5 bats
  2 giant cockroaches (D:1)
  A goblin (D:1)
  2 jackals (D:1)
  3 giant newts (D:1)
  3 kobolds (D:1)
  7 rats (D:1)
26 creatures vanquished.

Notes
Turn   | Place    | Note
--------------------------------------------------------------
     0 | D:1      | Ratboiler the Minotaur Wanderer began the quest for the Orb.
     0 | D:1      | Ratboiler set off with: 2 curare-tipped needles, a +2 blowgun, a +0 spear, a +0 hand axe, a +0 robe, a bread ration
     0 | D:1      | Reached XP level 1. HP: 16/16 MP: 0/0
    90 | D:1      | Reached skill level 4 in Axes
   318 | D:1      | Reached XP level 2. HP: 21/23 MP: 1/1
  1000 | D:2      | Reached skill level 5 in Axes
  1072 | D:2      | Reached XP level 3. HP: 7/28 MP: 2/2
  1079 | D:2      | HP: 1/28 [poisoned by an adder]
  1081 | D:2      | Succumbed to an adder's poison

Vault maps used:
D:1:      dpeg_arrival_arbitrary_b, minmay_quantized

Skill      XL: |  1  2 |
---------------+-------+-----
Axes           | 4 5 |  5.2
Fighting       | |  1.2
Short Blades   | |  1.1
Throwing       | |  2.0
Armour         | |  1.2
Dodging        | |  1.1
Stealth        | |  1.0

Action                   || total
-------------------------++-------
Melee: Hand axe          ||    56
       Headbutt          ||     6
  Use: Potion            ||     2
 Stab: Sleeping          ||     2
Armor: Robe              ||    14
Dodge: Dodged            ||    33
